 Dungeon Crawl Stone Soup version 0.21.0-3-g78d12a8 (webtiles) character file.

4 tidbits the Caller (level 1, -1/7 HPs)
             Began as a Felid Summoner on Jan 8, 2018.
             Slain by a leopard gecko (3 damage)
             ... on level 1 of the Dungeon.
             The game lasted 00:01:32 (161 turns).

tidbits the Caller (Felid Summoner)                  Turns: 161, Time: 00:01:32

Health: -1/7       AC:  1    Str:  4    XL:     1   Next: 50%
Magic:  3/4        EV: 18    Int: 18    God:
Gold:   9          SH:  0    Dex: 16    Spells: 3/4 levels left
                                        Lives:  0   Deaths: 0

rFire    . . .     SeeInvis +   (weapon unavailable)
rCold    . . .     Gourm    .   (shield unavailable)
rNeg     . . .     Faith    .   (armour unavailable)
rPois    .         Spirit   .   (helmet unavailable)
rElec    .         Reflect  .   (cloak unavailable)
rCorr    .         Harm     .   (gloves unavailable)
MR       .....                  (boots unavailable)
Stlth    +++.......             (no amulet)
HPRegen  0.02/turn              b - +2 ring of intelligence
MPRegen  0.09/turn              (no ring)

@: quick
A: very small, no armour, no weapons or thrown items, stealth, claws 1, fangs 3,
see invisible, carnivore, speed 1, shaggy fur 1, slow metabolism 1, sharp paws
a: no special abilities


You were on level 1 of the Dungeon.
You were full.

You visited 1 branch of the dungeon, and saw 3 of its levels.

You collected 9 gold pieces.

Inventory:

Jewellery
 b - a +2 ring of intelligence (left paw)
   (You found it on level 1 of the Dungeon)
Scrolls
 e - a scroll of identify {unknown}
Potions
 d - a potion of agility {unknown}
Books
 a - a book of Callings

   Spells                             Type                      Level
   a - Summon Small Mammal            Summoning                    1
   b - Call Imp                       Summoning                    2
   c - Call Canine Familiar           Summoning                    3
   d - Summon Guardian Golem          Hexes/Summoning              3
   e - Summon Lightning Spire         Summoning/Air                4
   f - Summon Ice Beast               Ice/Summoning                4
Comestibles
 c - 2 rations


   Skills:
 - Level 2.8 Dodging
 + Level 2.8 Stealth
 + Level 0.0 Unarmed Combat
 - Level 2.0 Spellcasting
 - Level 4.0 Summonings


You had 3 spell levels left.
You knew the following spells:

 Your Spells              Type           Power        Failure   Level  Hunger
a - Summon Small Mammal   Summ           ###.         3%          1    #......


Dungeon Overview and Level Annotations

Branches:
Dungeon (3/15)

Altars:

Annotations:
D:2 Robin


Innate Abilities, Weirdness & Mutations

You cannot wear armour.
You are incapable of wielding weapons or throwing items.
Your paws allow you to move quietly. (Stealth)
You have sharp claws.
You have razor-sharp teeth.
You have supernaturally acute eyesight. (SInv)
You are carnivorous and can eat meat at any time.
You cover ground quickly.
You are covered in fur. (AC +1)
You have a slow metabolism.
Your sharp claws are effective at attacking unaware monsters.


Message History

You swap places.
You see here a hobgoblin corpse.
You butcher the hobgoblin corpse.
f - a chunk of flesh Eat a chunk of flesh? (ye/n/q)
You eat the chunk of flesh.
This raw flesh tastes great.
There is an open door here.
You see here a goblin corpse.
You butcher the goblin corpse.
f - a chunk of flesh Eat a chunk of flesh? (ye/n/q)
You eat the chunk of flesh.
This raw flesh tastes great.
Wield which item (- for none, * to show all)? (? for menu, Esc to quit)
You are wearing that object!
Unable to wield swing item on slot c!
Wield which item (- for none, * to show all)? (? for menu, Esc to quit)
You are wearing that object!
Unable to wield swing item on slot c!
Wield which item (- for none, * to show all)? (? for menu, Esc to quit)
You are wearing that object!
Unable to wield swing item on slot c!
Wield which item (- for none, * to show all)? (? for menu, Esc to quit)
You are wearing that object!
Unable to wield swing item on slot c!
Adjust (i)tems, (s)pells, or (a)bilities?
Adjust which spell?
Okay, then.
Adjust (i)tems, (s)pells, or (a)bilities?
Adjust which item? (? for menu, Esc to quit)
b - a ration Adjust to which letter? (? for menu, Esc to quit)
c - a ration
b - a +2 ring of intelligence (left paw) Wield which item (- for none, * to show all)? (? for menu, Esc to quit)
c - a ration (in mouth)
You swing at nothing.
You swing at nothing.
Your quokka disappears in a puff of smoke!
You swing at nothing.
You swing at nothing.
You swing at nothing.
You swing at nothing.
Your rat disappears in a puff of smoke!
You see here a club.
There is an open door here.
You enter the shallow water.
Moving in this stuff is going to be slow.
Wield which item (- for none, * to show all)? (? for menu, Esc to quit)
Your mouth is now empty.
There is an open door here.
There is an open door here.
c - 2 rations (gained 1)
There is a stone staircase leading down here.
You climb downwards.
Found a whip and a scroll labeled DIUG YLOASU ODO.
Found two stone staircases leading down.
There is a stone staircase leading up here.
e - a scroll labeled DIUG YLOASU ODO
There is a stone staircase leading down here.
You climb downwards.
There is a stone staircase leading up here.
An orc comes into view. It is wielding a dagger.
There is a stone staircase leading up here.
You climb upwards.
There is a stone staircase leading down here. 6 goblins, a hobgoblin and Robin come into view.
The goblin shouts!
You hear a shout!
Robin shouts!
The goblin moves out of view.
Robin roars a battlecry!
The goblins go into a battle-frenzy!
The hobgoblin shouts!
You hear a shout!
Found 13 gold pieces.
A hobgoblin comes into view. It is wielding a club.
You hear a shout!
You hear a zap.
You hear a grinding noise.
You see here a whip.
You hear a zap.
You hear a grinding noise.
There is a stone staircase leading up here.
You climb upwards.
There is a stone staircase leading down here.
You open the large door.
A leopard gecko comes into view.
A rat comes into view.
Found 3 gold pieces.
There is a large open door here.
There is a large open door here.
A bat comes into view.
The leopard gecko hisses angrily.
There is a large open door here.
There is a large open door here.
There is a stone staircase leading down here.
Casting: Summon Small Mammal
Confirm with . or Enter, or press ? or * to list all spells.
The leopard gecko barely misses you. The bat closely misses you.
The leopard gecko bites you.
* * * LOW HITPOINT WARNING * * *
You scratch the leopard gecko.
The leopard gecko is heavily wounded.
The bat barely misses you. The leopard gecko misses you.
Your quokka barely misses the leopard gecko.
You scratch the leopard gecko.
The leopard gecko is severely wounded.
The bat completely misses you. The leopard gecko bites you.
You die...

#.## ##... ...########
#.........# #.........#
#####+####.........#
........##.b.......########
........''l@...............
........##r..............
........##.............####
....$...##.............'..#
........#######+#'#....##.#
...r....# #.....).....#
........# ##'###'###+##
........# #...#...#
#...#≈.≈#


You could see a leopard gecko, a bat and a friendly quokka.

Vanquished Creatures
  A goblin (D:1)
  A hobgoblin (D:1)
2 creatures vanquished.

Vanquished Creatures (collateral kills)
  2 goblins (D:1)
  A hobgoblin (D:1)
3 creatures vanquished.

Grand Total: 5 creatures vanquished

Notes
Turn   | Place    | Note
-------+----------+-------------------------------------------
     0 | D:1      | tidbits the Felid Summoner began the quest for the Orb.
     0 | D:1      | Reached XP level 1. HP: 7/7 MP: 4/4
   141 | D:2      | Noticed Robin
   161 | D:1      | Slain by a leopard gecko

Action                   || total
-------------------------++-------
Melee: Unarmed           ||     8
 Cast: Summon Small Mamm ||     8
  Eat: Chunk             ||     2
Dodge: Dodged            ||    10

Table legend:
 A = Turns spent in this place as a percentage of turns spent in the entire game.
 B = Non-inter-level travel turns spent in this place as a percentage of non-inter-level travel turns spent in the entire game.
 C = Inter-level travel turns spent in this place as a percentage of turns spent in this place.
 D = Turns resting spent in this place as a percentage of non-inter-level travel turns spent in this place.
 E = Turns spent auto-exploring this place as a percentage of non-inter-level travel turns spent in this place.
 F = Non-inter-level travel turns spent in this place divided by the number of levels of this place that you've seen.
                   A       B       C       D       E      F
               +-------+-------+-------+-------+-------+----------------------
         Total | 100.0 | 100.0 |   0.0 |   0.0 |   0.0 |  53.7
       Dungeon | 100.0 | 100.0 |   0.0 |   0.0 |   0.0 |  53.7
               +-------+-------+-------+-------+-------+----------------------

Table legend:
 A = Kills in this place as a percentage of kills in entire the game.
 B = Kills by you in this place as a percentage of kills by you in the entire game.
 C = Kills by friends in this place as a percentage of kills by friends in the entire game.
 D = Other kills in this place as a percentage of other kills in the entire game.
 E = Experience gained in this place as a percentage of experience gained in the entire game.
 F = Experience gained in this place divided by the number of levels of this place that you have seen.
                   A       B       C       D       E      F
               +-------+-------+-------+-------+-------+----------------------
         Total | 100.0 | 100.0 | 100.0 |   N/A | 100.0 |   2.0
       Dungeon | 100.0 | 100.0 | 100.0 |   N/A | 100.0 |   2.0
               +-------+-------+-------+-------+-------+----------------------

Vault maps used:
D:1:      lightli_arrival_quake
D:2:      lemuel_doored_altar, uniq_sigmund, uniq_robin, uniq_terence
D:3:      marbit_many_paths, cheibrodos_ashenzari_chains,
          nicolae_tso_swordbearing_angel
